 Dungeon Crawl Stone Soup version 0.28.0 (webtiles) character file.

Game seed: 9179488268726559435

777 Taiwuri the Chopper (level 7, 0/61 HPs)
             Began as a Hill Orc Fighter on Feb 7, 2022.
             Was a Follower of Beogh.
             Succumbed to a gnoll sergeant's poison
             ... on level 6 of the Dungeon.
             The game lasted 00:24:45 (3321 turns).

Taiwuri the Chopper (Hill Orc Fighter)              Turns: 3321, Time: 00:24:45

Health: 0/61       AC: 16    Str: 19 (21) XL:     7   Next: 84%
Magic:  7/7        EV:  7    Int:  6 (8)  God:    Beogh [*.....]
Gold:   220        SH:  4    Dex:  7 (10) Spells: 6/6 levels left

rFire   . . .      SeeInvis .   a - +1 war axe (protect)
rCold   + . .      Faith    +   c - +0 buckler
rNeg    . . .      Spirit   .   j - +4 chain mail of the Armadillo {rC+}
rPois   .          Reflect  .   (no helmet)
rElec   .          Harm     .   b - +0 cloak
rCorr   .          Rampage  .   (no gloves)
Will    .....                   s - +0 pair of boots
Stlth   ..........              p - amulet of faith
HPRegen 0.20/turn               f - +4 ring of protection
MPRegen 0.10/turn               (no ring)

@: lethally poisoned (0 -> -7)
A: deformed body, screaming 1
a: Renounce Religion


You were on level 6 of the Dungeon.
You worshipped Beogh.
Beogh was aware of your devotion.
You visited 1 branch of the dungeon, and saw 6 of its levels.

You collected 220 gold pieces.

Inventory:

Hand Weapons
 a - a +1 war axe of protection (weapon)
Armour
 b - a +0 cloak (worn)
 c - a +0 buckler (worn)
 j - the +4 chain mail of the Armadillo (worn) {rC+}
   (You found it on level 3 of the Dungeon)

   rC:        It protects you from cold.
 s - a +0 pair of boots (worn)
Jewellery
 f - a +4 ring of protection (left hand)
 p - an amulet of faith (around neck)
 r - a ring of fire
 u - a ring of wizardry
Wands
 m - a wand of acid (4)
 n - a wand of polymorph (11)
Scrolls
 i - a scroll of magic mapping
 q - a scroll of fear {unknown}
 t - a scroll of teleportation
Potions
 d - a potion of might
 e - a potion of flight
 g - a potion of degeneration
 k - a potion of mutation
 l - a potion of ambrosia {unknown}
 o - a potion of brilliance {unknown}


   Skills:
 + Level 5.4 Fighting
 + Level 7.9 Axes
 + Level 4.9 Armour
 + Level 0.3 Dodging
 + Level 0.1 Stealth
 + Level 5.1 Shields
 + Level 0.3 Spellcasting


You had 6 spell levels left.
You didn't know any spells.
Your spell library contained the following spells:

 Spells                   Type           Power      Damage    Failure   Level
 Animate Skeleton         Necr           0%         N/A       99%         1
 Magic Dart               Conj           0%         1d3       100%        1
 Call Imp                 Summ           0%         N/A       100%        2
 Corpse Rot               Necr/Air       0%         N/A       100%        2
 Mephitic Cloud           Conj/Pois/Air  0%         N/A       100%        3
 Ozocubu's Armour         Ice            0%         N/A       100%        3
 Vampiric Draining        Necr           0%         2d6       100%        3
 Agony                    Necr           0%         N/A       100%        5
 Metabolic Englaciation   Hex/Ice        0%         N/A       100%        5
 Simulacrum               Ice/Necr       0%         N/A       100%        6


Dungeon Overview and Level Annotations

Branches:
Dungeon (6/15)
 Temple: D:4-7

Altars:
Dithmenos
Kikubaaqudgha
Okawaru
Sif Muna


Innate Abilities, Weirdness & Mutations

Armour fits poorly on your strangely shaped body.
You occasionally shout uncontrollably at your foes.


Message History

The gnoll hits you but does no damage. The gnoll sergeant closely misses you.
The gnoll hits you but does no damage. x2; You block the gnoll's attack.
You feel very sick.
The gnoll sergeant hits you from afar with a +2 trident of venom!
* * * LOW HITPOINT WARNING * * *
The gnoll hits you but does no damage.
You feel sick.
You feel sick. The hound closely misses you.
You feel sick.
You feel sick.
You feel sick. The hound bites you but does no damage.
It was a potion of mutation.
You feel extremely strange.
Your body twists and deforms.
You feel the urge to shout.
You feel sick. You block the hound's attack.
The hound bites you but does no damage.
It was a potion of curing.
You feel better. The hound bites you but does no damage.
Okay, then.
You slash the hound!
Your weapon exudes an aura of protection.
The hound is almost dead.
The hound bites you but does no damage. The hound barely misses you.
You closely miss the hound.
The hound is almost dead.
The hound bites you but does no damage. You block the gnoll sergeant's attack.
The hound bites you but does no damage.
The gnoll sergeant hits you from afar with a +2 trident of venom.
* * * LOW HITPOINT WARNING * * *
You are lethally poisoned!
* * * LOW HITPOINT WARNING * * *
You feel very sick.
* * * LOW HITPOINT WARNING * * *
You feel very sick. You block the hound's attack.
* * * LOW HITPOINT WARNING * * *
You feel very sick.
It was a potion of degeneration.
There was something very wrong with that liquid.
You feel weakened.
You feel dopey.
You feel clumsy.
You die...

### ..# ##### ### #...##
### ## #.# ####.# #.# #.
#.# ##.# #####.## .
#.#####..# ##..@#..# .#
.#.......####.###h..###.#
......##......# ####g..#
#.........##..# ##.##
##........##...######.g#
#..#####..##....#......#
#.## ##..#.........g.##
#. #..#.........)..# ..
..............Z).....#


You could see a hound and a gnoll.

Vanquished Creatures
  A phantom (D:5)
  A centaur (D:5)
  2 bullfrogs (D:4)
  A howler monkey (D:3)
  A gnoll shaman (D:6)
  3 hounds
  A jelly (D:6)
  An iguana (D:6)
  2 orc wizards
  2 howler monkey zombies (D:5)
  7 gnolls
  5 adders
  2 dart slugs
  A worm (D:3)
  12 orcs
  4 ball pythons
  5 endoplasms
  5 giant cockroaches
  11 goblins
  6 hobgoblins
  2 jackals (D:5)
  7 kobolds
  4 quokkas
  3 bats
  A dart slug zombie (D:5)
  2 frilled lizards
  A quokka zombie (D:5)
  7 rats
100 creatures vanquished.

Vanquished Creatures (others)
  An orc priest (D:4)
  An orc (D:4)
2 creatures vanquished.

Grand Total: 102 creatures vanquished

Notes
Turn   | Place    | Note
-------+----------+-------------------------------------------
     0 | D:1      | Taiwuri the Hill Orc Fighter began the quest for the Orb.
     0 | D:1      | Reached XP level 1. HP: 19/19 MP: 1/1
   214 | D:1      | Reached XP level 2. HP: 25/27 MP: 2/2
   470 | D:1      | Reached skill level 3 in Axes
   692 | D:2      | Reached XP level 3. HP: 33/33 MP: 3/3
  1200 | D:3      | Identified the +4 chain mail of the Armadillo {rC+}
  1253 | D:3      | Reached skill level 4 in Axes
  1253 | D:3      | Reached XP level 4. HP: 40/40 MP: 4/4
  1296 | D:3      | Reached XP level 5. HP: 39/46 MP: 5/5
  1377 | D:3      | Reached skill level 5 in Axes
  1460 | D:3      | Found a faded altar of an unknown god.
  1496 | D:3      | Prayed at the altar of an unknown god.
  1496 | D:3      | Became a worshipper of Kikubaaqudgha
  1496 | D:3      | Reached * piety under Kikubaaqudgha
  1496 | D:3      | Received a gift from Kikubaaqudgha
  1500 | D:3      | Learned a level 1 spell: Animate Skeleton
  1792 | D:4      | Fell from the grace of Kikubaaqudgha
  1792 | D:4      | Became a worshipper of Beogh the Brigand
  2042 | D:4      | Reached XP level 6. HP: 46/53 MP: 6/6
  2158 | D:4      | Reached skill level 6 in Axes
  2307 | D:4      | Found a shimmering blue altar of Sif Muna.
  2592 | D:5      | Entered Level 5 of the Dungeon
  2654 | D:5      | Reached XP level 7. HP: 41/60 MP: 7/7
  2743 | D:5      | Found an iron altar of Okawaru.
  2747 | D:5      | Found a shadowy altar of Dithmenos.
  2771 | D:5      | Reached skill level 5 in Fighting
  2771 | D:5      | Reached skill level 7 in Axes
  2791 | D:5      | Reached skill level 5 in Shields
  2830 | D:5      | Reached * piety under Beogh
  3314 | D:6      | Gained mutation: Armour fits poorly on your strangely
                  | shaped body. [potion of mutation]
  3314 | D:6      | Gained mutation: You occasionally shout uncontrollably at
                  | your foes. [potion of mutation]
  3320 | D:6      | HP: 2/61 [poisoned by a gnoll sergeant]
  3321 | D:6      | Succumbed to a gnoll sergeant's poison

Illustrated notes

Levels and vault maps discovered:
D:1:      beargit_arrival_diablo_church, layout_basic, corexii_leaking_fountain,
          hex_intersection
D:2:      layout_basic
D:3:      minmay_evil_eye, layout_rooms, ebering_ecumenical_altar_abandoned
D:4:      layout_loops_ring, led_sif_book
D:5:      layout_rooms, chequers_temple_overflow_statue_of_worship,
          grunt_ministairs_7
D:6:      layout_layer_cave, gammafunk_ghost_hive, minmay_increasing_density

Skill      XL: |  1  2  3  4  5  6  7 |
---------------+----------------------+-----
Fighting       | 4 5 |  5.4
Axes           | 3 4 5 6 7 |  7.9
Shields        | 4 5 |  5.1
Armour         | 4 |  4.9
Dodging        | |  0.3
Stealth        | |  0.1
Spellcasting   | |  0.3

Action                   |  1- 3 |  4- 6 |  7- 9 || total
-------------------------+-------+-------+-------++-------
Melee: War axe           |    94 |   139 |    78 ||   311
 Cast: Animate Skeleton  |       |     2 |       ||     2
Invok: Convert to Beogh  |       |     1 |       ||     1
  Use: Scroll            |     2 |     5 |     2 ||     9
       Potion            |       |       |     3 ||     3
Armor: Scale mail        |    15 |       |       ||    15
       Chain mail        |    10 |   108 |    67 ||   185
       Plate armour      |    28 |       |       ||    28
Dodge: Dodged            |    26 |    64 |    18 ||   108
Block: Buckler           |    24 |    42 |    22 ||    88
